ITL
OTSEGO BULLDOGS @ WISCONSIN TIMBER RATTLERS
09/02/2025
 
TOP OF THE 1ST
Otsego Bulldogs batting - Pitching for Wisconsin Timber Rattlers : LHP Dave Carbone
Pitching: LHP Dave Carbone
Batting: RHB Juan Pérez 0-0: Foul Ball, location: 2F
0-1: Ball
1-1: Ground out 4-3 (Groundball, 34)
Batting: RHB Felipe Rego 0-0: Foul Ball, location: 2F
0-1: Ball
1-1: Fly out, F8 (Flyball, 8RM)
Batting: RHB Cristo García 0-0: Ball
1-0: Ball
2-0: Ground out 6-3 (Groundball, 6)
Top of the 1st over - 0 run(s), 0 hit(s), 0 error(s), 0 left on base; Otsego 0 - Wisconsin 0
BOTTOM OF THE 1ST
Wisconsin Timber Rattlers batting - Pitching for Otsego Bulldogs : RHP Jorge Amador
Pitching: RHP Jorge Amador
Batting: RHB Koin Tanaka 0-0: Ball
1-0: Ground out 4-3 (Groundball, 4)
Batting: RHB Murdoch Norton 0-0: Foul Ball, location: 2F
0-1: Foul Ball, location: 2F
0-2: Strikes out looking
Batting: RHB Alfredo Padilla 0-0: Ball
1-0: Swinging Strike
1-1: Foul Ball, location: 2F
1-2: Strikes out swinging
Bottom of the 1st over - 0 run(s), 0 hit(s), 0 error(s), 0 left on base; Otsego 0 - Wisconsin 0
TOP OF THE 2ND
Otsego Bulldogs batting - Pitching for Wisconsin Timber Rattlers : LHP Dave Carbone
Batting: SHB Gilberto Guzmán 0-0: Ball
1-0: Ball
2-0: Foul Ball, location: 2F
2-1: Ball
3-1: Hit by Pitch
Batting: RHB Raúl Bauza 0-0: Called Strike
0-1: Ball
1-1: Ball
2-1: Ball
3-1: Foul Ball, location: 2F
3-2: Base on Balls
Gilberto Guzmán to second
Batting: LHB Manny Domínguez 0-0: Ball
1-0: Foul Ball, location: 2F
1-1: Called Strike
1-2: Ball
2-2: Foul Ball, location: 2F
2-2: Foul Ball, location: 2F
2-2: Ball
3-2: SINGLE (Groundball, 34)
Gilberto Guzmán to third
Raúl Bauza to second
Runner from 3rd tries for Home, SAFE, no throw or cutoff
Batting: RHB Jim Beck 0-0: Called Strike
0-1: Called Strike
0-2: Ball
1-2: SINGLE (Line Drive, 4M)
Raúl Bauza to third
Manny Domínguez to second
Runner from 3rd tries for Home, SAFE, throw made home
Batting: RHB Kyung-bok Cho 0-0: Reached on error, E6 (Groundball, 6M)
Manny Domínguez to third
Jim Beck to second
Batting: SHB Roberto Rivera 0-0: Foul Ball, location: 2F
0-1: DOUBLE (Line Drive, 78XD)
Manny Domínguez scores
Jim Beck scores
Kyung-bok Cho to third
Runner from 3rd tries for Home, SAFE, no throw or cutoff
Batting: RHB Juan Pérez 0-0: Ball
1-0: Called Strike
1-1: Foul Ball, location: 2F
1-2: Ground out 6-3 (Groundball, 6M)
Roberto Rivera to third
Batting: RHB Felipe Rego 0-0: Called Strike
0-1: Foul Ball, location: 2F
0-2: Ball
1-2: Ball
2-2: Foul Ball, location: 2F
2-2: Ball
3-2: Ground out 5-3 (Groundball, 56S)
Roberto Rivera scores
Batting: RHB Cristo García 0-0: Swinging Strike
0-1: SINGLE (Groundball, 6MD)
Batting: SHB Gilberto Guzmán 0-0: Ball
1-0: Called Strike
1-1: Called Strike
1-2: DOUBLE (Flyball, 78XD)
Cristo García to third
Runner from 3rd tries for Home, SAFE, no throw or cutoff
Batting: RHB Raúl Bauza 0-0: Fly out, F9 (Flyball, 9M)
Top of the 2nd over - 7 run(s), 5 hit(s), 1 error(s), 1 left on base; Otsego 7 - Wisconsin 0
BOTTOM OF THE 2ND
Wisconsin Timber Rattlers batting - Pitching for Otsego Bulldogs : RHP Jorge Amador
Batting: RHB William Farmer 0-0: Ball
1-0: Foul Ball, location: 2F
1-1: Swinging Strike
1-2: Foul Ball, location: 2F
1-2: Strikes out swinging
Batting: LHB Aroghetto Dionisotti 0-0: Called Strike
0-1: Foul Ball, location: 2F
0-2: Ball
1-2: Strikes out swinging
Batting: RHB Vicente Vélez 0-0: SINGLE (Line Drive, 7LS)
Batting: RHB António Pérez 0-0: Called Strike
0-1: Ball
1-1: Called Strike
1-2: Strikes out looking
Bottom of the 2nd over - 0 run(s), 1 hit(s), 0 error(s), 1 left on base; Otsego 7 - Wisconsin 0
TOP OF THE 3RD
Otsego Bulldogs batting - Pitching for Wisconsin Timber Rattlers : LHP Dave Carbone
Batting: LHB Manny Domínguez 0-0: Ball
1-0: Ball
2-0: Ground out U3 (Groundball, 3)
Batting: RHB Jim Beck 0-0: Ball
1-0: Ball
2-0: Ball
3-0: Called Strike
3-1: SINGLE (Line Drive, 56)
Batting: RHB Kyung-bok Cho 0-0: SINGLE (Groundball, 34)
Jim Beck to second
Runner from 2nd tries for 3rd, SAFE, throw made to third
Batting: SHB Roberto Rivera 0-0: Ball
1-0: Called Strike
1-1: Fly out, F7 (Flyball, 7M)
Runner from 3rd tags up, SCORES, throw made
Pitching: RHP Germán Arredondo
Batting: RHB Juan Pérez 0-0: Fly out, F8 (Flyball, 8LS)
Top of the 3rd over - 1 run(s), 2 hit(s), 0 error(s), 1 left on base; Otsego 8 - Wisconsin 0
BOTTOM OF THE 3RD
Wisconsin Timber Rattlers batting - Pitching for Otsego Bulldogs : RHP Jorge Amador
Batting: RHB Ulysse Bélisle 0-0: Ball
1-0: Foul Ball, location: 2F
1-1: Ground out 1-3 (Groundball, 13)
Batting: RHB Joseph Stone 0-0: Ground out 4-3 (Groundball, 4)
Batting: RHB Koin Tanaka 0-0: Called Strike
0-1: Called Strike
0-2: Ball
1-2: Strikes out swinging
Bottom of the 3rd over - 0 run(s), 0 hit(s), 0 error(s), 0 left on base; Otsego 8 - Wisconsin 0
TOP OF THE 4TH
Otsego Bulldogs batting - Pitching for Wisconsin Timber Rattlers : RHP Germán Arredondo
Batting: RHB Felipe Rego 0-0: Ball
1-0: SOLO HOME RUN (Line Drive, 7LD), Distance : 358 ft
Batting: RHB Cristo García 0-0: Fly out, F8 (Flyball, 8RD)
Batting: SHB Gilberto Guzmán 0-0: Ball
1-0: Called Strike
1-1: Ball
2-1: Foul Ball, location: 2F
2-2: Foul Ball, location: 2F
2-2: Ball
3-2: SINGLE (Line Drive, 89S)
Batting: RHB Raúl Bauza 0-0: Ball
1-0: Called Strike
1-1: Called Strike
1-2: Ball
2-2: Ball
3-2: Strikes out swinging
Batting: LHB Manny Domínguez 0-0: Ball
1-0: Ball
2-0: Called Strike
2-1: Ball
3-1: Base on Balls
Gilberto Guzmán to second
Batting: RHB Jim Beck 0-0: Called Strike
0-1: Ball
1-1: Ball
2-1: Foul Ball, location: 2F
2-2: SINGLE (Flyball, 7S)
Gilberto Guzmán to third
Manny Domínguez to second
Runner from 3rd tries for Home, SAFE, no throw or cutoff
Batting: RHB Kyung-bok Cho 0-0: Foul Ball, location: 2F
0-1: Foul Ball, location: 2F
0-2: Ball
1-2: Ball
2-2: Fielders Choice at 2nd, U6 (Groundball, 6M)
Top of the 4th over - 2 run(s), 3 hit(s), 0 error(s), 2 left on base; Otsego 10 - Wisconsin 0
BOTTOM OF THE 4TH
Wisconsin Timber Rattlers batting - Pitching for Otsego Bulldogs : RHP Jorge Amador
Batting: RHB Murdoch Norton 0-0: Swinging Strike
0-1: Swinging Strike
0-2: Ball
1-2: Strikes out looking
Batting: RHB Alfredo Padilla 0-0: Called Strike
0-1: Called Strike
0-2: Strikes out swinging
Batting: RHB William Farmer 0-0: Fly out, F8 (Line Drive, 8LS)
Bottom of the 4th over - 0 run(s), 0 hit(s), 0 error(s), 0 left on base; Otsego 10 - Wisconsin 0
TOP OF THE 5TH
Otsego Bulldogs batting - Pitching for Wisconsin Timber Rattlers : RHP Germán Arredondo
Batting: SHB Roberto Rivera 0-0: Ball
1-0: Ground out 4-3 (Groundball, 4)
Batting: RHB Juan Pérez 0-0: Called Strike
0-1: Foul Ball, location: 2F
0-2: Ball
1-2: Ball
2-2: Fly out, F8 (Flyball, 8RM)
Batting: RHB Felipe Rego 0-0: Called Strike
0-1: Swinging Strike
0-2: Ball
1-2: Ball
2-2: Strikes out swinging
Top of the 5th over - 0 run(s), 0 hit(s), 0 error(s), 0 left on base; Otsego 10 - Wisconsin 0
BOTTOM OF THE 5TH
Wisconsin Timber Rattlers batting - Pitching for Otsego Bulldogs : RHP Jorge Amador
Batting: LHB Aroghetto Dionisotti 0-0: Ball
1-0: Ball
2-0: Ball
3-0: Base on Balls
Batting: RHB Vicente Vélez 0-0: Ball
1-0: Ball
2-0: Ball
3-0: Called Strike
3-1: Foul Ball, location: 2F
3-2: Foul Ball, location: 2F
3-2: Strikes out swinging
Batting: RHB António Pérez 0-0: Ball
1-0: Ball
2-0: Ball
3-0: Base on Balls
Aroghetto Dionisotti to second
Batting: RHB Ulysse Bélisle 0-0: Ball
1-0: Ball
2-0: Fly out, F8 (Flyball, 8RM)
Batting: RHB Joseph Stone 0-0: Called Strike
0-1: Ball
1-1: Swinging Strike
1-2: SINGLE (Groundball, 34D)
Aroghetto Dionisotti to third
António Pérez to second
Runner from 3rd tries for Home, SAFE, no throw or cutoff
Batting: RHB Koin Tanaka 0-0: Ball
1-0: Fly out, F9 (Popup, 9S)
Bottom of the 5th over - 1 run(s), 1 hit(s), 0 error(s), 2 left on base; Otsego 10 - Wisconsin 1
TOP OF THE 6TH
Otsego Bulldogs batting - Pitching for Wisconsin Timber Rattlers : RHP Germán Arredondo
Pitching: RHP Mike Brown
Batting: RHB Cristo García 0-0: Ball
1-0: Ball
2-0: Called Strike
2-1: Ball
3-1: Foul Ball, location: 2F
3-2: Foul Ball, location: 2F
3-2: Base on Balls
Batting: SHB Gilberto Guzmán 0-0: Ball
1-0: Ball
2-0: Called Strike
2-1: Called Strike
2-2: Strikes out swinging
Batting: RHB Raúl Bauza 0-0: Ball
1-0: Swinging Strike
1-1: SINGLE (Line Drive, 6D)
Cristo García to second
Batting: LHB Manny Domínguez 0-0: Swinging Strike
0-1: Swinging Strike
0-2: Ball
1-2: Ball
2-2: Foul Ball, location: 2F
2-2: Ball
3-2: Fly out, F9 (Flyball, 9M)
Batting: RHB Jim Beck 0-0: Fly out, F3 (Popup, 3F)
Top of the 6th over - 0 run(s), 1 hit(s), 0 error(s), 2 left on base; Otsego 10 - Wisconsin 1
BOTTOM OF THE 6TH
Wisconsin Timber Rattlers batting - Pitching for Otsego Bulldogs : RHP Jorge Amador
Batting: RHB Murdoch Norton 0-0: Called Strike
0-1: Swinging Strike
0-2: Fly out, F8 (Flyball, 8LXD)
Batting: RHB Alfredo Padilla 0-0: Called Strike
0-1: Foul Ball, location: 2F
0-2: Strikes out swinging
Batting: RHB William Farmer 0-0: Ball
1-0: Ball
2-0: Ball
3-0: Base on Balls
Batting: LHB Aroghetto Dionisotti 0-0: Ball
1-0: Called Strike
1-1: Called Strike
1-2: Ball
2-2: Ball
William Farmer is caught stealing 2nd base
Bottom of the 6th over - 0 run(s), 0 hit(s), 0 error(s), 0 left on base; Otsego 10 - Wisconsin 1
TOP OF THE 7TH
Otsego Bulldogs batting - Pitching for Wisconsin Timber Rattlers : RHP Mike Brown
Batting: RHB Kyung-bok Cho 0-0: Ball
1-0: SINGLE (Flyball, 7LS) - OUT at second base trying to stretch hit.
Batting: SHB Roberto Rivera 0-0: Called Strike
0-1: Ball
1-1: Foul Ball, location: 2F
1-2: SINGLE (Line Drive, 8LS)
Batting: RHB Juan Pérez 0-0: Foul Ball, location: 2F
0-1: Foul Ball, location: 2F
0-2: Ball
1-2: Ball
2-2: Ball
3-2: Base on Balls
Roberto Rivera to second
Pitching: RHP Richard Hardin
Batting: RHB Felipe Rego 0-0: Ball
1-0: Called Strike
1-1: Swinging Strike
1-2: Ball
2-2: Strikes out swinging
Batting: RHB Cristo García 0-0: Ball
1-0: Called Strike
1-1: Foul Ball, location: 2F
1-2: Ground out 1-3 (Groundball, 25)
Top of the 7th over - 0 run(s), 2 hit(s), 0 error(s), 2 left on base; Otsego 10 - Wisconsin 1
BOTTOM OF THE 7TH
Wisconsin Timber Rattlers batting - Pitching for Otsego Bulldogs : RHP Jorge Amador
Batting: LHB Aroghetto Dionisotti 0-0: Called Strike
0-1: Ball
1-1: Called Strike
1-2: Foul Ball, location: 2F
1-2: Foul Ball, location: 2F
1-2: Ball
2-2: Ball
3-2: Base on Balls
Batting: RHB Vicente Vélez 0-0: Ball
Aroghetto Dionisotti steals 2nd base
1-0: Ball
2-0: 2-RUN HOME RUN (Flyball, 7D), Distance : 379 ft
Batting: RHB António Pérez 0-0: Foul Ball, location: 2F
0-1: Ball
1-1: Called Strike
1-2: Ball
2-2: Foul Ball, location: 2F
2-2: Strikes out looking
Batting: RHB Ulysse Bélisle 0-0: Ball
1-0: Ball
2-0: Ball
3-0: Base on Balls
Pitching: LHP Esteban Santos
Batting: RHB Joseph Stone 0-0: Fly out, F8 (Flyball, 8LS)
Batting: RHB Koin Tanaka 0-0: Ball
1-0: DOUBLE (Line Drive, 9LM)
Ulysse Bélisle to third
Batting: RHB Murdoch Norton 0-0: Swinging Strike
0-1: Fly out, F8 (Flyball, 8RM)
Bottom of the 7th over - 2 run(s), 2 hit(s), 0 error(s), 2 left on base; Otsego 10 - Wisconsin 3
TOP OF THE 8TH
Otsego Bulldogs batting - Pitching for Wisconsin Timber Rattlers : RHP Richard Hardin
Batting: SHB Gilberto Guzmán 0-0: Ground out 6-3 (Groundball, 6M)
Batting: RHB Raúl Bauza 0-0: Ball
1-0: Called Strike
1-1: Ball
2-1: Foul Ball, location: 2F
2-2: Ball
3-2: Base on Balls
Batting: LHB Manny Domínguez 0-0: Called Strike
0-1: Ball
1-1: 2-RUN HOME RUN (Flyball, 89XD), Distance : 403 ft
Batting: RHB Jim Beck 0-0: Called Strike
0-1: Foul Ball, location: 2F
0-2: Ball
1-2: DOUBLE (Flyball, 78XD)
Batting: RHB Kyung-bok Cho 0-0: Ground out 6-3 (Groundball, 6)
Batting: SHB Roberto Rivera 0-0: Ground out 4-3 (Groundball, 34)
Top of the 8th over - 2 run(s), 2 hit(s), 0 error(s), 1 left on base; Otsego 12 - Wisconsin 3
BOTTOM OF THE 8TH
Wisconsin Timber Rattlers batting - Pitching for Otsego Bulldogs : LHP Esteban Santos
Now at C: Tim Brown
Now in CF: Martin Davis
Batting: RHB Alfredo Padilla 0-0: Called Strike
0-1: Foul Ball, location: 2F
0-2: Ball
1-2: Strikes out swinging
Batting: RHB William Farmer 0-0: Foul Ball, location: 2F
0-1: Ball
1-1: Ball
2-1: Called Strike
2-2: Foul Ball, location: 2F
2-2: Strikes out swinging
Batting: LHB Aroghetto Dionisotti 0-0: Called Strike
0-1: Foul Ball, location: 2F
0-2: Ball
1-2: Ground out 5-3 (Groundball, 56S)
Bottom of the 8th over - 0 run(s), 0 hit(s), 0 error(s), 0 left on base; Otsego 12 - Wisconsin 3
TOP OF THE 9TH
Otsego Bulldogs batting - Pitching for Wisconsin Timber Rattlers : RHP Richard Hardin
Batting: RHB Juan Pérez 0-0: Swinging Strike
0-1: Ball
1-1: Ball
2-1: Foul Ball, location: 2F
2-2: Ball
3-2: Fly out, F6 (Popup, 6MD)
Batting: RHB Felipe Rego 0-0: Swinging Strike
0-1: Foul Ball, location: 2F
0-2: Strikes out looking
Batting: RHB Cristo García 0-0: Fly out, F8 (Line Drive, 8LS)
Top of the 9th over - 0 run(s), 0 hit(s), 0 error(s), 0 left on base; Otsego 12 - Wisconsin 3
BOTTOM OF THE 9TH
Wisconsin Timber Rattlers batting - Pitching for Otsego Bulldogs : LHP Esteban Santos
Batting: RHB Vicente Vélez 0-0: SOLO HOME RUN (Flyball, 7D), Distance : 370 ft
Batting: RHB António Pérez 0-0: Called Strike
0-1: Ball
1-1: SINGLE (Flyball, 8LS)
Batting: RHB Ulysse Bélisle 0-0: Ball
1-0: Ball
2-0: Ball
3-0: Called Strike
3-1: Swinging Strike
3-2: Foul Ball, location: 2F
3-2: Fly out, F9 (Flyball, 9M)
3-2: Fly out, F9 (Flyball, 9M)
Batting: RHB Joseph Stone 0-0: Ball
1-0: Ball
2-0: SINGLE (Popup, 56D)
António Pérez to second
Batting: RHB Koin Tanaka 0-0: Called Strike
0-1: Ball
1-1: Hit by Pitch
António Pérez to third
Joseph Stone to second
Batting: RHB Murdoch Norton 0-0: Ball
1-0: GRAND SLAM HOME RUN (Flyball, 7D), Distance : 374 ft
Pitching: RHP Kenshin Kubota
Batting: RHB Alfredo Padilla 0-0: Foul Ball, location: 2F
0-1: Foul Ball, location: 2F
0-2: Strikes out swinging
Batting: RHB William Farmer 0-0: Ball
1-0: Ball
2-0: Swinging Strike
2-1: Foul Ball, location: 2F
2-2: Foul Ball, location: 2F
2-2: Strikes out swinging
Bottom of the 9th over - 5 run(s), 4 hit(s), 0 error(s), 0 left on base; Otsego 12 - Wisconsin 8
This league is powered by Out of the Park Baseball, the baseball management simulation game for PC, Mac and Linux
Tuesday, August 2nd, 2016 - OOTP Baseball 16.8 Build 38